 Dungeon Crawl Stone Soup version 0.26-a0-664-gc8b27b8fc1 (webtiles) character file.

Game seed: 14292421270908514937

868 Elric the Caller (level 7, -1/46 HPs)
             Began as a Demonspawn Summoner on Oct 13, 2020.
             Slain by an unseen horror (6 damage)
             ... on level 7 of the Dungeon.
             The game lasted 00:18:19 (9641 turns).

Elric the Caller (Demonspawn Summoner)              Turns: 9641, Time: 00:18:20

Health: -1/46      AC:  4    Str:  8      XL:     7   Next: 73%
Magic:  4/12       EV: 14    Int: 19      God:
Gold:   385        SH:  0    Dex: 19 (21) Spells: 3/13 levels left

rFire    . . .     SeeInvis .   i - +0 dagger
rCold    + . .     Faith    .   (no shield)
rNeg     + + .     Spirit   .   u - +2 robe {rN+}
rPois    .         Reflect  .   (no helmet)
rElec    .         Harm     .   (no cloak)
rCorr    .         Rampage  .   (no gloves)
MR       .....                  (no boots)
Stlth    +++.......             (no amulet)
HPRegen  0.15/turn              b - +6 ring of dexterity
MPRegen  0.13/turn              n - ring of positive energy

@: no status effects
A: thin skeletal structure 1, cold resistance 1, freezing cloud immunity
a: no special abilities


You were on level 7 of the Dungeon.
You visited 1 branch of the dungeon, and saw 7 of its levels.

You collected 385 gold pieces.

Inventory:

Hand Weapons
 i - a +0 dagger (weapon)
Missiles
 p - 6 boomerangs (quivered)
Armour
 a - a +0 robe
 h - a +0 tower shield
 q - a +0 cloak
 u - a +2 robe of positive energy (worn)
 w - a scarf of shadows
 x - a +1 pair of gloves
Jewellery
 b - a +6 ring of dexterity (left hand)
 n - a ring of positive energy (right hand)
 A - an uncursed ring of positive energy
 B - an uncursed amulet of faith {unknown}
Wands
 C - a wand of iceblast (8)
 D - a wand of paralysis (10)
 E - a wand of polymorph (7)
 G - a wand of flame (22)
Scrolls
 c - 5 scrolls of teleportation {unknown}
 e - a scroll of fear {unknown}
 f - 6 scrolls of identify
 g - 7 scrolls of remove curse {unknown}
 j - a scroll of enchant armour {unknown}
 k - 4 scrolls of amnesia {unknown}
 l - a scroll of immolation {unknown}
 s - 2 scrolls of noise {unknown}
 v - 2 scrolls of magic mapping {unknown}
 y - 3 scrolls of blinking {unknown}
Potions
 d - 3 potions of heal wounds
 m - 3 potions of haste {unknown}
 o - 3 potions of might {unknown}
 r - 3 potions of brilliance {unknown}
 t - a potion of stabbing {unknown}
 z - a potion of invisibility {unknown}
 F - a potion of cancellation {unknown}


   Skills:
 - Level 3.5 Dodging
 - Level 1.8 Stealth
 - Level 3.9 Spellcasting
 + Level 7.8 Summonings
 - Level 1.9 Air Magic


You had 3 spell levels left.
You knew the following spells:

 Your Spells              Type           Power        Failure   Level
a - Summon Small Mammal   Summ           ####         1%          1
b - Call Imp              Summ           ####....     1%          2
c - Call Canine Familiar  Summ           ####....     1%          3
d - Summon Lightning Spi  Summ/Air       ###.....     19%         4

Your spell library contained the following spells:

 Spells                   Type           Power        Failure   Level
 Summon Guardian Golem    Hex/Summ       ###.....     9%          3
 Summon Ice Beast         Ice/Summ       ###.....     28%         4


Dungeon Overview and Level Annotations

Branches:
Dungeon (7/15)
 Temple: D:4-7

Altars:
Elyvilon
Okawaru
Trog
Wu Jian
Zin

Shops:
D:6 [


Innate Abilities, Weirdness & Mutations

You have a somewhat thin skeletal structure. (Dex +2, Stealth)
Your flesh is cold resistant. (rC+)
You are immune to freezing clouds.


Message History

Your crimson imp dies!
Your wolf misses something.
Your crimson imp blinks!
Your crimson imp closely misses the orc priest.
Something hits you. Something hits your crimson imp.
Your wolf barely misses something.
The orc priest mumbles some strange prayers to Beogh against you.
You struggle to resist.
Your crimson imp blinks!
Your wolf bites something but does no damage.
Something hits you.
* * * LOW HITPOINT WARNING * * *
The orc priest looks braver for a moment.
Something hits you.
* * * LOW HITPOINT WARNING * * *
Your wolf bites something.
Your wolf closely misses something.
There is a stone staircase leading up, spattered with blood here.
You hit the orc priest but do no damage.
Something hits you.
You die...

##.####..
.........
........5.
...5.....#
.........#
.........#
.........#
......h.o#
.......)@#
.........#
.........#
##########


You could see an orc priest, a friendly wolf (summoned) and 2 friendly crimson
imps.

Vanquished Creatures
  A bullfrog (D:6)
  An adder (D:3)
  A shadow imp (D:6)
  An orc (D:6)
  A bat (D:2)
  A goblin (D:3)
  A rat (D:3)
7 creatures vanquished.

Vanquished Creatures (collateral kills)
  A phantom (D:4)
  An ogre (D:4)
  4 bullfrogs (D:6)
  A gnoll sergeant (D:5)
  3 wights (D:6)
  A howler monkey (D:4)
  2 quasits (D:6)
  A centaur zombie (D:6)
  2 hounds
  5 orc wizards
  A bullfrog skeleton (D:6)
  An orc priest (D:6)
  An iguana (D:5)
  2 worker ants
  2 hound zombies
  A hound skeleton (D:6)
  10 adders
  15 gnolls
  A shadow imp (D:6)
  2 white imps
  An ufetubus (D:5)
  3 oozes
  An adder skeleton (D:5)
  2 worms
  3 dart slugs (D:1)
  5 leopard geckos
  20 orcs
  2 ball pythons
  6 giant cockroaches
  10 goblins
  6 hobgoblins
  9 jackals
  9 kobolds
  3 quokkas
  9 bats
  5 frilled lizards
  A jackal skeleton (D:3)
  A leopard gecko skeleton (D:5)
  10 rats
163 creatures vanquished.

Grand Total: 170 creatures vanquished

Notes
Turn   | Place    | Note
-------+----------+-------------------------------------------
     0 | D:1      | Elric the Demonspawn Summoner began the quest for the Orb.
     0 | D:1      | Reached XP level 1. HP: 13/13 MP: 3/3
   561 | D:1      | Gained mutation: You have a somewhat thin skeletal
                  | structure. (Dex +2, Stealth) [demonic ancestry]
   561 | D:1      | Reached XP level 2. HP: 18/19 MP: 0/5
  1952 | D:2      | Gained mutation: Your flesh is cold resistant. (rC+)
                  | [demonic ancestry]
  1952 | D:2      | Reached XP level 3. HP: 22/24 MP: 4/6
  2198 | D:2      | Learned a level 2 spell: Call Imp
  2202 | D:2      | Learned a level 3 spell: Call Canine Familiar
  3459 | D:3      | Reached skill level 5 in Summonings
  3470 | D:3      | Gained mutation: You are immune to freezing clouds.
                  | [demonic ancestry]
  3470 | D:3      | Reached XP level 4. HP: 30/30 MP: 0/7
  4802 | D:4      | Noticed an angel
  4803 | D:4      | Found a glowing silver altar of Zin.
  4934 | D:4      | Noticed a phantom
  4975 | D:4      | Killed a phantom
  4975 | D:4      | Reached XP level 5. HP: 35/35 MP: 2/9
  5064 | D:4      | Noticed an ogre
  5073 | D:4      | Killed an ogre
  5167 | D:4      | Learned a level 4 spell: Summon Lightning Spire
  5188 | D:4      | Reached skill level 6 in Summonings
  5384 | D:4      | Reached XP level 6. HP: 25/41 MP: 3/10
  5838 | D:4      | Found a bloodstained altar of Trog.
  6308 | D:4      | Found an ornate altar of the Wu Jian Council.
  6309 | D:4      | Found a white marble altar of Elyvilon.
  6356 | D:5      | Entered Level 5 of the Dungeon
  6623 | D:5      | Reached skill level 1 in Air Magic
  7406 | D:5      | Found an iron altar of Okawaru.
  7934 | D:5      | Reached XP level 7. HP: 41/46 MP: 4/12
  8554 | D:6      | Reached skill level 7 in Summonings
  9277 | D:6      | Found Ruasey's Armour Shop.
  9484 | D:7      | HP: 2/46 [orc priest/divine providence (9)]
  9641 | D:7      | Slain by an unseen horror

Illustrated notes

Levels and vault maps discovered:
D:1:      minmay_arrival_widening_spiral_wide, layout_basic,
          minmay_three_crescents
D:2:      layout_basic
D:3:      layout_rooms, lemuel_another_geyser
D:4:      layout_gridville, lemuel_doored_altar, zin_angel, minitemple
D:5:      layout_loops_corners, kennysheep_okawaru_gauntlet
D:6:      layout_rooms, serial_shops, nicolae_shop_behind_doors
D:7:      layout_rooms, grunt_gozag_breadcrumbs, vehumet_altar_wand_db,
          kennysheep_little_box, minmay_temple_entry_mist, minmay_between

Skill      XL: |  1  2  3  4  5  6  7 |
---------------+----------------------+-----
Dodging        | 2 3 |  3.5
Summonings     | 5 6 7 |  7.8
Spellcasting   | 3 |  3.9
Air Magic      | 1 |  1.9
Stealth        | |  1.8

Action                   |  1- 3 |  4- 6 |  7- 9 || total
-------------------------+-------+-------+-------++-------
Melee: Dagger            |    12 |    25 |    19 ||    56
       Unarmed           |     4 |       |       ||     4
 Cast: Summon Small Mamm |    83 |       |       ||    83
       Call Imp          |    23 |    86 |    28 ||   137
       Call Canine Famil |     2 |    27 |    18 ||    47
  Use: Scroll            |       |     3 |       ||     3
       Potion            |       |       |     2 ||     2
 Stab: Sleeping          |       |     3 |       ||     3
       Distracted        |       |       |     1 ||     1
Armor: Robe              |    26 |    11 |    12 ||    49
Dodge: Dodged            |    79 |    56 |    43 ||   178

Table legend: (Time is in decaauts)
 A = Elapsed time spent in this place.
 B = Non-inter-level travel time spent in this place.
 C = Inter-level travel time spent in this place.
 D = Time resting spent in this place.
 E = Time spent auto-exploring this place.
 F = Levels seen in this place.
 G = Mean time per level.
                   A        B        C        D        E       F      G
               +--------+--------+--------+--------+--------+-----+--------+
         Total |   9650 |   9542 |    108 |      0 |   7671 |   7 | 1378.6 |
       Dungeon |   9650 |   9542 |    108 |      0 |   7671 |   7 | 1378.6 |
               +--------+--------+--------+--------+--------+-----+--------+

Top non-repeatable levels by time:
     D:5: 1808 daAuts
     D:1: 1804 daAuts
     D:4: 1573 daAuts
     D:2: 1530 daAuts
     D:3: 1455 daAuts
     D:6: 1447 daAuts
     D:7: 29 daAuts
